Map: Rhoskallian LE

Players

llllllllllll - Winner!

  • Race: Terran Terran

MCMXI - Winner!

  • Race: Zerg Zerg
  • League: Master

Smoochface

  • Race: Terran Terran
  • League: Diamond

maskofapathy

  • Race: Terran Terran

VOD

Have the link to the VOD?

Description

Time

  • Played on: Nov. 22, 2021, 1:36 p.m.
  • Length: 15:28
Show
View Real Time Build Order
Export as new Build Order

llllllllllll Terran - Winner!

Build Orders: 2 Factory, Mech 

Get SALT Encoding   

  12  0:00  SCV  
  13  0:12  SCV  
  14  0:20  Supply Depot  
  14  0:24  SCV  
  15  0:31  Refinery  
  15  0:41  SCV  
  16  0:47  Barracks  
  16  0:53  SCV  
  17  1:08  SCV  
  18  1:15  Refinery  
  18  1:20  SCV  
  19  1:33  SCV  
  19  1:38  Factory  
  20  1:46  Orbital Command  
  20  1:47  Barracks Reactor  
  20  1:50  Supply Depot  
  20  2:18  Factory  
  20  2:19  SCV  
  21  2:29  Hellion x2  
  25  2:30  Barracks Tech Lab  
  25  2:31  Supply Depot  
  25  2:32  SCV  
  26  2:44  SCV  
  27  3:08  SCV  
  27  3:09  Command Center  
  27  3:11  Cyclone  
  27  3:12  Infernal Pre-Igniter  
  31  3:21  Barracks Tech Lab  
  31  3:23  Supply Depot  
  31  3:25  SCV  
  32  3:36  Hellion  
  32  3:37  Hellion  
  36  3:58  Engineering Bay  
  36  4:00  Supply Depot  
  36  4:13  SCV  
  37  4:18  Cyclone, Hellion  
  37  4:19  Hellion  
  44  4:26  Factory  
  44  4:29  Missile Turret  
  44  4:30  Orbital Command  
  44  4:43  SCV  
  45  4:51  Missile Turret  
  45  4:55  SCV  
  47  5:07  Cyclone, Hellion x2  
  49  5:32  Cyclone  
  52  5:45  Factory Tech Lab  
  52  5:50  SCV x2  
  54  6:04  Factory Tech Lab  
  54  6:10  SCV x2  
  56  6:16  Refinery  
  56  6:19  Refinery  
  56  6:23  SCV x2  
  56  6:24  Factory, Barracks Reactor  
  58  6:28  Command Center  
  58  6:35  SCV x2  
  60  6:47  SCV  
  60  6:48  SCV  
  62  6:54  Supply Depot  
  62  7:00  Supply Depot, SCV x2  
  64  7:12  SCV x2  
  66  7:25  Supply Depot, SCV x2  
  68  7:35  Armory  
  68  7:36  Armory  
  68  7:38  Neosteel Armor  
  68  7:40  Orbital Command, Missile Turret, SCV  
  68  7:41  SCV  
  68  7:43  Siege Tank x2  
  76  7:47  Hellion x2  
  76  7:48  Hellion x2  
  84  7:57  Factory  
  84  8:05  Factory  
  84  8:09  Supply Depot  
  84  8:11  SCV x3  
  87  8:42  Terran Vehicle Weapons Level 1, Terran Vehicle And Ship Armor Level 1  
  87  8:44  Factory Tech Lab  
  87  8:46  SCV x3  
  90  9:10  Siege Tank x2, Factory Tech Lab  
  90  9:11  Siege Tank  
  90  9:12  Widow Mine x3  
  90  9:13  Widow Mine  
  99  9:44  Missile Turret  
  97  9:46  Missile Turret  
  97  9:51  Missile Turret  
  97  9:52  Missile Turret  
  80  10:21  Command Center  
  80  10:27  Thor x4  
  102  10:29  Hellion x4  
  110  10:41  Mag-Field Accelerator, Drilling Claws  
  103  10:48  SCV x2  
  97  11:18  Terran Vehicle Weapons Level 2  
  97  11:19  Terran Vehicle And Ship Armor Level 2  
  97  11:26  Refinery  
  97  11:30  Missile Turret  
  97  11:31  Missile Turret x2, SCV x3  
  100  11:34  Missile Turret  
  100  11:36  Refinery, Missile Turret  
  100  11:37  Refinery  
  100  11:43  SCV x3  
  100  11:46  Orbital Command  
  103  11:49  Missile Turret  
  103  11:50  Refinery  
  103  11:51  Missile Turret  
  103  11:52  Refinery  
  103  11:54  Hi-Sec Auto Tracking, Missile Turret  
  103  12:00  Smart Servos  
  103  12:14  Siege Tank x4  
  117  12:16  Widow Mine x4  
  123  12:26  SCV  
  124  12:34  Supply Depot  
  124  12:35  Supply Depot  
  124  12:36  Supply Depot  
  124  12:40  SCV x2  
  124  12:41  SCV  
  124  12:42  Supply Depot  
  98  12:54  Siege Tank x4  
  98  12:55  Hellion x2  
  98  12:56  Hellion x2  
  108  13:23  SCV x4  
  112  13:45  Supply Depot  
  111  13:49  Thor x4  
  135  13:59  Thor x7  
  135  14:09  Supply Depot  
  133  14:29  SCV x4  
  137  14:45  Command Center  
  137  14:46  Siege Tank x4  
  137  14:47  Hellion x4  
Show
View Real Time Build Order
Export as new Build Order

MCMXI Zerg - Winner!

Build Orders: Hatch First 

Get SALT Encoding   

  12  0:00  Drone  
  13  0:16  Overlord  
  13  0:18  Drone  
  14  0:35  Drone x2  
  16  0:39  Drone  
  17  0:56  Drone  
  18  0:59  Hatchery  
  18  1:04  Extractor, Drone  
  17  1:19  Spawning Pool  
  17  1:21  Drone  
  17  1:25  Drone  
  18  1:43  Drone x2  
  20  1:54  Overlord  
  20  2:12  Queen  
  20  2:13  Queen  
  20  2:14  Metabolic Boost  
  24  2:32  Hatchery  
  23  2:37  Zergling x4  
  23  2:43  Zergling x4  
  27  2:46  Zergling x2  
  27  2:51  Drone x2  
  30  3:04  Drone x3  
  33  3:10  Overlord  
  33  3:12  Overlord  
  33  3:23  Drone x3  
  36  3:32  Drone  
  36  3:33  Drone x3  
  40  3:36  Drone x2  
  42  3:53  Queen  
  44  3:55  Spore Crawler  
  44  3:56  Spore Crawler  
  41  4:07  Drone x4  
  41  4:08  Drone x5  
  50  4:14  Lair  
  50  4:19  Extractor  
  50  4:23  Drone  
  50  4:24  Drone x2  
  52  4:27  Extractor  
  52  4:28  Drone x3  
  54  4:40  Drone x2  
  54  4:41  Drone  
  57  4:46  Overlord x2  
  57  4:51  Evolution Chamber  
  56  4:53  Evolution Chamber  
  56  4:57  Extractor  
  56  4:58  Drone x3  
  57  5:14  Spire  
  57  5:18  Spore Crawler  
  55  5:21  Hatchery  
  55  5:23  Queen  
  55  5:24  Queen  
  55  5:26  Zerg Melee Weapons Level 1  
  55  5:27  Zerg Ground Armor Level 1  
  58  5:28  Drone  
  58  5:30  Overlord  
  55  5:57  Extractor  
  55  6:00  Drone x3  
  55  6:02  Zergling x8  
  55  6:03  Zergling x6  
  63  6:12  Drone x6  
  63  6:13  Drone x3  
  72  6:26  Zerg Flyer Weapons Level 1  
  72  6:27  Drone  
  72  6:28  Drone x4  
  77  6:39  Queen  
  79  6:46  Overseer  
  79  6:51  Mutalisk x4  
  87  6:54  Overlord x2  
  87  7:03  Overlord  
  87  7:04  Overlord x2  
  87  7:20  Mutalisk x3  
  87  7:21  Mutalisk x3  
  99  7:28  Extractor, Drone x3  
  102  7:30  Drone x3  
  102  7:31  Drone x2  
  106  7:42  Baneling Nest, Zerg Melee Weapons Level 2  
  105  7:50  Overlord x2  
  105  8:02  Zerg Ground Armor Level 2  
  105  8:09  Drone x5, Infestation Pit  
  105  8:10  Drone x5  
  114  8:16  Hatchery  
  113  8:42  Centrifugal Hooks  
  113  8:47  Drone x2, Spore Crawler  
  113  8:48  Drone x2  
  116  8:50  Extractor  
  116  8:51  Extractor  
  116  8:52  Zergling x20  
  116  8:53  Zergling x16  
  116  8:54  Hatchery  
  131  9:18  Overlord  
  131  9:19  Overlord x5  
  131  9:22  Overseer  
  131  9:24  Hive  
  133  9:55  Baneling x8  
  133  9:56  Baneling x31  
  133  9:57  Baneling  
  129  10:02  Zergling x2  
  129  10:03  Zergling x46  
  132  10:18  Queen  
  129  10:21  Hatchery  
  129  10:25  Corruptor x3  
  129  10:26  Corruptor x4  
  129  10:27  Zergling x4  
  129  10:28  Zergling x2  
  145  10:31  Queen  
  109  10:54  Zergling x24, Queen  
  109  10:55  Zergling x6  
  120  11:00  Zerg Melee Weapons Level 3, Zerg Ground Armor Level 3  
  120  11:02  Adrenal Glands  
  116  11:22  Drone  
  116  11:23  Drone  
  116  11:24  Drone, Overlord  
  116  11:25  Overlord x2  
  119  11:28  Zergling x6  
  119  11:30  Queen  
  119  11:31  Hatchery  
  123  11:38  Ultralisk Cavern  
  122  11:59  Overlord  
  122  12:13  Zerg Flyer Armor Level 1  
  122  12:16  Spire  
  121  12:36  Zergling x6  
  121  12:37  Zergling x58  
  131  12:38  Zergling x24  
  165  12:47  Chitinous Plating  
  154  13:11  Ultralisk  
  154  13:12  Ultralisk x2  
  145  13:24  Ultralisk x2  
  141  13:45  Ultralisk x2  
  151  14:06  Anabolic Synthesis  
  151  14:14  Ultralisk  
  151  14:15  Ultralisk x3  
  175  14:40  Hatchery  
  174  14:47  Zergling x28  
  174  14:48  Zergling x6  
  174  15:03  Drone x3  
Show
View Real Time Build Order
Export as new Build Order

Smoochface Terran 

Build Orders: 1/1/1 

Get SALT Encoding   

  12  0:00  SCV  
  13  0:16  SCV  
  14  0:23  Supply Depot  
  14  0:28  SCV  
  15  0:38  Refinery  
  15  0:44  SCV  
  15  0:48  Barracks  
  16  0:56  SCV  
  17  0:57  Refinery  
  17  1:08  SCV  
  18  1:21  SCV  
  19  1:33  SCV  
  19  1:38  Factory  
  20  1:45  SCV  
  21  1:50  Reaper  
  22  1:57  Orbital Command  
  22  2:01  Supply Depot  
  22  2:24  Starport, SCV  
  23  2:36  SCV  
  24  2:48  Supply Depot, SCV  
  24  2:51  Starport  
  24  3:00  SCV  
  24  3:03  Starport Tech Lab, Fusion Core  
  25  3:13  SCV  
  25  3:17  Supply Depot  
  26  3:29  Starport Tech Lab  
  26  3:42  Hellion  
  28  3:57  Battlecruiser  
  34  4:11  Battlecruiser  
  40  4:18  Command Center  
  40  4:24  Supply Depot  
  40  4:38  Supply Depot  
  40  4:47  SCV  
  41  5:08  Battlecruiser  
  41  6:01  Orbital Command  
  41  6:03  Battlecruiser  
  41  6:05  SCV  
  42  6:17  SCV  
  43  6:24  Command Center  
  43  6:28  Weapon Refit  
  43  6:29  SCV  
  44  6:35  Orbital Command  
  44  6:48  Refinery, Command Center  
  44  6:51  Refinery, Armory  
  44  7:11  Engineering Bay  
  44  7:30  Factory x2  
  44  7:33  SCV x2  
  47  7:45  Orbital Command, SCV x2  
  48  7:52  Thor  
  54  7:59  Terran Vehicle And Ship Armor Level 1  
  54  8:35  Missile Turret  
  54  8:36  Missile Turret  
  54  8:39  Factory Tech Lab  
  54  8:40  Factory Tech Lab  
  54  8:49  Thor  
  60  9:01  Thor  
  66  9:02  Thor  
  66  9:05  Battlecruiser  
  66  9:07  Starport Tech Lab  
  78  9:47  Thor x2  
  78  9:48  Thor  
  96  9:55  Armory  
  96  10:00  Planetary Fortress  
  84  10:57  Thor x2  
  84  10:58  Thor  
  84  11:00  SCV  
  103  11:09  Terran Vehicle Weapons Level 1  
  91  11:12  SCV, Terran Vehicle And Ship Armor Level 2  
  92  11:30  Infernal Pre-Igniter  
  92  11:44  Hellion x3  
  98  11:50  SCV x3  
  98  11:51  SCV  
  98  11:54  Refinery  
  102  11:57  Refinery  
  102  12:02  SCV x2  
  102  12:03  SCV  
  102  12:05  Hellion  
  107  12:09  Hellion x2, Battlecruiser  
  107  12:11  Supply Depot  
  107  12:12  Supply Depot  
  107  12:14  SCV  
  107  12:15  SCV  
  119  12:26  SCV  
  119  12:27  Hellion  
  119  12:29  Command Center  
  122  12:30  Hellion  
  122  12:36  Supply Depot  
  120  12:39  SCV  
  121  12:48  Smart Servos  
  63  13:18  Thor x3  
  74  13:26  SCV  
  76  13:27  SCV x3  
  78  13:39  SCV  
  79  13:47  Barracks Reactor  
  79  13:54  Factory  
  79  13:55  Supply Depot  
  79  14:02  Hellion x3  
  71  14:22  Thor  
  71  14:23  Hellion  
  78  14:30  Siege Tank  
  81  14:44  Siege Tank  
Show
View Real Time Build Order
Export as new Build Order

maskofapathy Terran 

Build Orders:  

Get SALT Encoding   

  12  0:00  SCV  
  13  0:12  SCV  
  14  0:23  Supply Depot  
  14  0:24  SCV  
  15  0:45  Barracks  
  15  0:49  SCV  
  16  1:01  SCV  
  17  1:13  SCV  
  18  1:20  Command Center  
  19  1:25  SCV  
  19  1:34  Marine  
  19  1:35  Barracks  
  20  1:51  Orbital Command  
  20  1:57  Barracks  
  20  2:07  Refinery  
  20  2:10  Refinery  
  20  2:19  SCV  
  21  2:30  Supply Depot  
  21  2:31  SCV  
  21  2:32  Supply Depot  
  22  3:00  Factory  
  22  3:01  SCV  
  22  3:03  SCV  
  22  3:04  Barracks Tech Lab  
  23  3:13  SCV  
  23  3:15  SCV  
  25  3:25  SCV  
  27  3:37  SCV  
  27  3:38  Marine x3  
  27  3:56  SCV  
  27  3:58  Factory Tech Lab  
  27  4:02  Engineering Bay  
  28  4:09  Orbital Command  
  28  4:17  Marine  
  28  4:18  Marine x2  
  28  4:20  Siege Tank  
  28  4:22  Orbital Command  
  34  4:30  Command Center  
  34  4:35  Marine  
  34  4:36  Marine x2  
  37  4:43  SCV  
  38  4:52  Siege Tank, Stimpack  
  41  4:53  Marine  
  41  4:54  Marine  
  41  4:56  Orbital Command  
  43  5:01  Orbital Command  
  41  5:46  Refinery  
  41  5:47  SCV  
  41  5:49  Refinery  
  42  5:50  SCV  
  43  5:58  Marine x3  
  43  5:59  SCV  
  43  6:03  SCV  
  48  6:05  Siege Tank  
  48  6:07  Missile Turret  
  51  6:12  SCV  
  51  6:16  Marine x2  
  54  6:22  Terran Infantry Weapons Level 1  
  54  6:24  SCV  
  55  6:28  SCV  
  55  6:32  Combat Shield  
  56  6:34  Marine  
  56  6:36  SCV  
  58  6:40  SCV  
  58  6:43  Missile Turret  
  59  6:48  SCV  
  59  6:51  Siege Tank  
  59  6:52  SCV  
  64  6:55  Supply Depot x2  
  64  6:58  Barracks Reactor x2  
  64  7:00  SCV  
  65  7:04  SCV  
  66  7:09  Armory  
  66  7:12  SCV  
  67  7:17  Missile Turret  
  67  7:19  Missile Turret  
  67  7:23  Siege Tank  
  67  7:26  Missile Turret  
  70  7:32  SCV x2  
  70  7:34  SCV  
  70  7:35  Marine x4  
  70  7:36  Marine  
  78  7:44  SCV x2  
  79  7:46  SCV  
  79  7:49  Missile Turret  
  81  7:56  SCV  
  81  7:57  Supply Depot, Terran Vehicle And Ship Armor Level 1  
  82  8:02  Missile Turret  
  82  8:04  Supply Depot  
  82  8:07  Marine x3  
  85  8:19  Marine  
  86  8:36  Missile Turret  
  86  8:38  Orbital Command  
  86  8:40  Missile Turret  
  86  8:53  Marine x5  
  91  8:57  Siege Tank  
  93  9:10  Marine x2  
  93  9:11  Marine x3  
  93  9:12  Refinery  
  92  9:17  Refinery  
  88  9:27  Missile Turret  
  88  9:28  Marine x2  
  88  9:30  Siege Tank  
  93  9:37  SCV x3  
  96  9:40  Marine x3  
  99  9:46  Marine x2  
  101  10:00  Marine x2  
  101  10:01  SCV  
  101  10:10  SCV x2, Marine  
  101  10:11  Siege Tank  
  101  10:12  Marine x2  
  101  10:13  SCV  
  94  10:18  Marine x2  
  79  10:22  SCV  
  79  10:28  Marine  
  81  10:29  Marine  
  81  10:30  Marine  
  83  10:35  SCV  
  83  10:36  Starport, SCV x2, Marine  
  83  10:37  Marauder  
  83  10:38  Command Center  
  89  10:43  Siege Tank  
  89  10:46  Marine  
  89  10:49  Marine x2  
  76  10:54  Marine  
  64  10:58  Marauder  
  64  11:03  SCV x3  
  69  11:04  Marine  
  69  11:07  Marine x2  
  72  11:14  Starport Reactor  
  72  11:15  SCV x3  
  75  11:27  SCV  
  76  11:43  Terran Vehicle And Ship Armor Level 2  
  76  11:44  Missile Turret  
  76  11:46  Missile Turret, Terran Infantry Weapons Level 2  
  76  11:47  Missile Turret  
  76  11:54  Marine x5  
  77  11:56  Siege Tank  
  77  11:59  SCV x3  
  87  12:04  Medivac  
  87  12:05  Medivac  
  87  12:08  Planetary Fortress  
  91  12:25  Marine x5  
  96  12:34  Barracks  
  96  12:43  Marine x5  
  90  13:00  Marine  
  90  13:01  Marine x2  
  90  13:02  Marauder  
  81  13:16  Marine  
  81  13:18  Marine  
  81  13:19  Marine x2  
  82  13:22  Marine  
  82  13:25  Siege Tank, Infernal Pre-Igniter  
  86  13:36  Barracks  
  82  13:55  Factory  
  82  13:57  Factory, Marine x5, Siege Tank  
  82  13:59  Medivac x2  
  94  14:14  Marine  
  94  14:15  Marine x4  
  99  14:29  Medivac  
  101  14:39  Supply Depot, Command Center  
  101  14:40  Siege Tank, Marine x5, Supply Depot  
  109  14:47  Missile Turret  
  109  14:57  Marine x5  
Tags
 
Add a new tag
Caveats
  • Supply blocks, unpowered buildings, or Contaminate may cause inaccurate times.
  • Supply counts are checked every 10 seconds.